[Event "fics rated crazyhouse match"]
[Site "fics, Oklahoma City, OK USA"]
[Date "2000.03.06"]
[White "LordPixel"]
[WhiteElo "2435"]
[Black "Eyefor"]
[BlackElo "2406"]
[TimeControl "0+1"]
[Result "1-0"]

1. e4 Nf6 2. Nc3 d5 3. exd5 Nxd5 4. Nf3 e6 5. d4 Nxc3 6. bxc3 
N@e4 7. P@b2 Nxf2 8. Kxf2 P@e4 9. Ng5 Qf6+ 10. Ke2 P@f5 11. N@e5 Be7 
12. N@b5 Na6 13. Nexf7 Rf8 14. Ne5 Qxg5 15. Bxg5 Bxg5 16. Q@h5+ N@g6 17. Qxg5 
Nxe5 18. dxe5 B@g4+ 19. P@f3 exf3+ 20. gxf3 Bxf3+ 21. Kxf3 P@e4+ 22. Ke2 P@f3+ 
23. Ke1 f2+ 24. Kxf2 e3+ 25. Ke1 N@d2 26. N@d6+ cxd6 27. Nxd6+ Kd7 28. Qxg7+ 
N@f7 29. Nxf7 Rxf7 30. Qxf7+ N@e7 31. N@f6+ Kd8 32. B@a5+ b6 33. R@e8+ Kc7 
34. Qxe7+ Kb8 35. N@c6# 
{Eyefor checkmated} 1-0

[Event "fics rated crazyhouse match"]
[Site "fics, Oklahoma City, OK USA"]
[Date "2000.03.06"]
[White "Eyefor"]
[WhiteElo "2399"]
[Black "LordPixel"]
[BlackElo "2444"]
[TimeControl "0+1"]
[Result "1-0"]

1. e4 Nf6 2. Nc3 d5 3. exd5 Nxd5 4. Nf3 e6 5. d4 Nxc3 6. bxc3 
N@e4 7. P@b2 Nxf2 8. Kxf2 P@e4 9. Bb5+ P@c6 10. Bg5 f6 11. Ne5 fxg5 
12. Bxc6+ Nxc6 13. Qh5+ B@g6 14. P@f7+ Ke7 15. Qxg5+ B@f6 16. Qxf6+ gxf6 17. B@c5+ 
Q@d6 18. Bxd6+ cxd6 19. N@g8+ Rxg8 20. Nxc6+ bxc6 21. fxg8=Q e3+ 22. Ke2 N@f4+ 
23. Kxe3 B@f7 24. Qh8 N@c4+ 25. Kf2 Bxc2 26. R@h4 Nd3+ 27. Ke2 Ndxb2 28. N@b4 
P@d3+ 29. Kf2 P@b7 30. Nxc6+ bxc6 31. P@g7 Bxg7 32. Qxg7 N@f5 33. Qxh7 P@e3+ 
34. Kg1 Nxh4 35. Qxh4 R@d1+ 36. Rxd1 Bxd1 37. N@e4 R@g6 38. N@f4 Rxg2+ 39. Nxg2 
P@f2+ 40. Nxf2 exf2+ 41. Kxf2 N@f3 42. R@h8 Nxh4 43. R@c7+ P@d7 44. Rxd8 Kxd8 
45. Rxc8+ Kxc8 46. P@b7+ Kxb7 47. P@a6+ Kc7 48. Q@b7+ Kd8 49. Q@f8+ Be8 50. P@c7# 
{LordPixel checkmated} 1-0

[Event "fics rated crazyhouse match"]
[Site "fics, Oklahoma City, OK USA"]
[Date "2000.03.06"]
[White "LordPixel"]
[WhiteElo "2434"]
[Black "Eyefor"]
[BlackElo "2408"]
[TimeControl "0+1"]
[Result "0-1"]

1. e4 e6 2. d4 d5 3. exd5 exd5 4. Bb5+ Bd7 5. Qe2+ Qe7 6. Bxd7+ 
Nxd7 7. Bf4 Qxe2+ 8. Nxe2 Bb4+ 9. Nbc3 Ba5 10. B@h3 Bxc3+ 11. Nxc3 Q@e7+ 
12. P@e6 fxe6 13. Bxc7 N@b4 14. B@d3 Nxd3+ 15. cxd3 P@d2+ 16. Kxd2 B@g5+ 17. P@f4 
P@b4 18. Q@h5+ B@g6 19. Qxg5 bxc3+ 20. bxc3 N@b5 21. Qxe7+ Nxe7 22. N@d6+ Nxd6 
23. Bxd6 Q@b2+ 24. B@c2 N@c4+ 25. dxc4 Qxc2+ 26. Ke1 Qxc3+ 27. N@d2 Qxa1+ 28. Q@d1 
Qxd1+ 29. Kxd1 R@c1+ 30. Kxc1 Q@c2# 
{LordPixel checkmated} 0-1

[Event "fics rated crazyhouse match"]
[Site "fics, Oklahoma City, OK USA"]
[Date "2000.03.06"]
[White "Eyefor"]
[WhiteElo "2417"]
[Black "LordPixel"]
[BlackElo "2425"]
[TimeControl "0+1"]
[Result "0-1"]

1. e4 e6 2. d4 Nf6 3. e5 Nd5 4. Nf3 Nc6 5. Be2 d6 6. exd6 
Bxd6 7. O-O Nf4 8. c3 Nxg2 9. Kxg2 P@e4 10. Kh1 P@g2+ 11. Kxg2 exf3+ 
12. Bxf3 Qh4 13. P@g3 Qe7 14. P@b5 Nxd4 15. cxd4 P@g4 16. Bxg4 Bd7 17. Kg1 
Bxb5 18. P@e5 Bb4 19. N@h5 Qf8 20. Nxg7+ Qxg7 21. N@f6+ Kd8 22. P@h6 Qf8 
23. P@g7 Qe8 24. Nxe8 Rxe8 25. Q@f6+ N@e7 26. Qxf7 Bxf1 27. Qxe8+ Kxe8 28. R@f8+ 
Kd7 29. Qxf1 R@e1 30. Bxe6+ Kxe6 31. B@g4+ P@f5 32. Bxf5+ Nxf5 33. g8=Q+ Kd7 
34. P@e6+ Kc6 35. P@b5+ Kb6 36. P@c5+ Ka5 37. Qxe1 N@h3+ 38. Kg2 B@f3+ 39. Kxf3 
Nxd4+ 40. Kg2 Bxe1 41. B@d2+ Kxb5 42. R@a5+ Kc6 43. Rxa8 B@f1+ 44. Kxf1 Q@g1# 
{Eyefor checkmated} 0-1

[Event "fics rated crazyhouse match"]
[Site "fics, Oklahoma City, OK USA"]
[Date "2000.03.06"]
[White "LordPixel"]
[WhiteElo "2433"]
[Black "Eyefor"]
[BlackElo "2409"]
[TimeControl "0+1"]
[Result "1-0"]

1. e4 Nf6 2. Nc3 d5 3. exd5 Nxd5 4. Nf3 e6 5. d4 Nxc3 6. bxc3 
N@e4 7. P@b2 Nxf2 8. Kxf2 P@g4 9. Ne5 Qh4+ 10. N@g3 Qf6+ 11. N@f4 h5 
12. Ke1 P@f2+ 13. Kxf2 Nd7 14. Bb5 g5 15. Ne4 Qf5 16. Bxd7+ Bxd7 17. N@f6+ 
Ke7 18. Ke1 gxf4 19. Nexd7 N@e3 20. B@c5+ Qxc5 21. Bxe3 Qb5 22. Bxf4 Qxd7 
23. Nxd7 Kxd7 24. N@e5+ Kc8 25. P@d7+ Kd8 26. Q@e8# 
{Eyefor checkmated} 1-0

[Event "fics rated crazyhouse match"]
[Site "fics, Oklahoma City, OK USA"]
[Date "2000.03.06"]
[White "Eyefor"]
[WhiteElo "2402"]
[Black "LordPixel"]
[BlackElo "2441"]
[TimeControl "0+1"]
[Result "1-0"]

1. e4 Nf6 2. Nc3 d5 3. exd5 Nxd5 4. d4 e6 5. Nxd5 exd5 6. Nf3 
Nc6 7. Be2 P@h3 8. N@f4 hxg2 9. Nxg2 P@h3 10. Nf4 N@g2+ 11. Nxg2 hxg2 
12. Rg1 N@h4 13. N@c3 Nxf3+ 14. Bxf3 N@b4 15. N@e3 Nxc2+ 16. Nxc2 P@e4 17. Bxg2 
Bf5 18. Ne3 Be6 19. P@f5 Bd7 20. N@f4 Bb4 21. Nexd5 Bxf5 22. Nxb4 Nxb4 
23. B@a4+ P@c6 24. Bxe4 Bxe4 25. Nxe4 N@f6 26. Nxf6+ Qxf6 27. B@e5 N@d3+ 28. Nxd3 
Nxd3+ 29. Qxd3 N@f3+ 30. Kd1 Nxe5 31. dxe5 B@h5+ 32. N@e2 Qxf2 33. P@d7+ Kd8 
34. Rxg7 Bxe2+ 35. Qxe2 Qd4+ 36. P@d2 Qxd7 37. N@c5 P@d3 38. B@f6+ P@e7 39. Qf2 
B@h5+ 40. Ke1 N@f3+ 41. Qxf3 Bxf3 42. Nxb7+ Ke8 43. N@g1 Q@e4+ 44. N@e3 exf6 
45. N@d6+ cxd6 46. Nxd6+ Qxd6 47. exd6 N@g2+ 48. Rxg2 B@h4+ 49. P@g3 N@f4 50. Bxc6+ 
Kf8 51. P@e7+ Qxe7 52. dxe7+ Kg8 53. N@h6+ Kg7 54. Nhf5+ Kg8 55. Q@g7# 
{LordPixel checkmated} 1-0

[Event "fics rated crazyhouse match"]
[Site "fics, Oklahoma City, OK USA"]
[Date "2000.03.06"]
[White "LordPixel"]
[WhiteElo "2432"]
[Black "Eyefor"]
[BlackElo "2411"]
[TimeControl "0+1"]
[Result "1-0"]

1. e4 e6 2. d4 d5 3. exd5 exd5 4. Bb5+ c6 5. Qe2+ Be7 6. Bf4 
cxb5 7. Bxb8 Rxb8 8. Qxb5+ B@c6 9. Qe2 B@a5+ 10. P@c3 P@c7 11. N@h5 Kf8 
12. P@e5 g6 13. Nf4 Ke8 14. e6 Bxe6 15. Nxe6 fxe6 16. Qxe6 P@f7 17. Qe5 
f6 18. Qe6 N@g5 19. Qe2 h5 20. P@g7 Rh7 21. B@h8 Ne4 22. Nf3 h4 
23. h3 Bd7 24. a4 a6 25. Ra2 Bf5 26. Rh2 Qd7 27. Ra1 Bd6 28. Rh1 
g5 29. b4 Baxb4 30. cxb4 P@b2 31. Ra2 Bxb4+ 32. B@d2 Bxd2+ 33. Nbxd2 Rxg7 
34. Bxg7 b1=Q+ 35. Nxb1 Qxg7 36. P@a7 Rd8 37. R@b8 B@a5+ 38. B@c3 Bxc3+ 39. Nxc3 
Bxh3 40. Rxh3 P@d3 41. cxd3 P@c2 42. Rxd8+ Kxd8 43. a8=Q+ R@c8 44. R@e8+ Kxe8 
45. Qxc8+ R@d8 46. P@d7+ Qxd7 47. Qxd7+ Rxd7 48. R@c8+ B@d8 49. Rxc2 P@a2 50. Q@e6+ 
Kf8 51. Nxa2 B@a5+ 52. P@b4 P@b2 53. Rxb2 P@d2+ 54. Rxd2 Nxd2 55. Qe8+ Kg7 
56. Qxd7+ R@e7 57. B@f8+ Kxf8 58. Rxd8+ Kg7 59. Rxg8+ Kxg8 60. N@h6+ Kh8 61. R@g8+ 
Kh7 62. Qdxe7# 
{Eyefor forfeits on time} 1-0

[Event "fics rated crazyhouse match"]
[Site "fics, Oklahoma City, OK USA"]
[Date "2000.03.06"]
[White "Eyefor"]
[WhiteElo "2403"]
[Black "LordPixel"]
[BlackElo "2440"]
[TimeControl "0+1"]
[Result "0-1"]

1. e4 Nf6 2. Nc3 d5 3. exd5 Nxd5 4. Nf3 e6 5. d4 Nxc3 6. bxc3 
N@e4 7. P@b2 Nxf2 8. Kxf2 P@e4 9. Bb5+ P@c6 10. Bg5 f6 11. Bxf6 gxf6 
12. P@g7 Bxg7 13. N@h5 Bh6 14. N@g7+ Bxg7 15. Nxg7+ Kf8 16. Nxe6+ Bxe6 17. B@c5+ 
P@d6 18. P@g7+ Kxg7 19. Bxc6 Nxc6 20. P@e7 Qxe7 21. Bxd6 N@g4+ 22. Ke2 Bc4+ 
23. P@d3 exd3+ 24. Kf1 dxc2+ 25. Qe2 Qxe2+ 26. Kg1 Qe3# 
{Eyefor checkmated} 0-1

[Event "fics rated crazyhouse match"]
[Site "fics, Oklahoma City, OK USA"]
[Date "2000.03.06"]
[White "LordPixel"]
[WhiteElo "2447"]
[Black "Eyefor"]
[BlackElo "2396"]
[TimeControl "0+1"]
[Result "1-0"]

1. e4 Nf6 2. Nc3 e6 3. e5 Nd5 4. d4 Bb4 5. Bd2 Nxc3 6. bxc3 
N@b2 7. Qb1 Bxc3 8. Bxc3 Na4 9. Ne2 Nxc3 10. Nxc3 Nc6 11. N@b5 B@b4 
12. N@e4 Bxc3+ 13. Nexc3 N@g4 14. B@d6 cxd6 15. Nxd6+ Kf8 16. B@h5 P@d2+ 17. Kxd2 
Qg5+ 18. P@e3 Qxh5 19. Nxc8 Rxc8 20. Qxb7 Ne7 21. Ne4 B@c6 22. Ng3 N@e4+ 
23. Nxe4 Bxb7 24. N@g3 Rxc2+ 25. Kxc2 Bxe4+ 26. Nxe4 N@b4+ 27. Kc3 Q@c2+ 28. Kxb4 
Nc6+ 29. Kb5 B@a4+ 30. Ka6 Qxe4 31. N@d6 N@b8+ 32. Kb7 Na5+ 33. Kxb8 Nc6+ 
34. Kc8 Ne7+ 35. Kb8 Nc6+ 36. Ka8 Ke7+ 37. N@c8+ Rxc8+ 38. Nxc8+ Kd8 39. R@e8+ 
Kxe8 40. Nd6+ Kd8 41. R@c8+ Ke7 42. Re8# 
{Eyefor checkmated} 1-0

[Event "fics rated crazyhouse match"]
[Site "fics, Oklahoma City, OK USA"]
[Date "2000.03.06"]
[White "Eyefor"]
[WhiteElo "2389"]
[Black "LordPixel"]
[BlackElo "2454"]
[TimeControl "0+1"]
[Result "0-1"]

1. e4 Nf6 2. Nc3 d5 3. exd5 Nxd5 4. d4 e6 5. Nxd5 exd5 6. Nf3 
Nc6 7. Be2 P@h3 8. N@f4 hxg2 9. Nxg2 P@h3 10. Nf4 N@g2+ 11. Nxg2 hxg2 
12. Rg1 N@h4 13. N@c3 Nxf3+ 14. Bxf3 N@b4 15. N@e3 Nxd4 16. Qxd4 Qe7 17. P@e5 
P@c5 18. Qf4 d4 19. N@d5 dxe3 20. Nxe7 exf2+ 21. Kxf2 N@h3+ 22. Kxg2 Nxf4+ 
23. Bxf4 Q@h3+ 24. Kf2 Bxe7 25. N@d5 N@d3+ 26. cxd3 Nxd3+ 27. Ke2 Nxf4+ 28. Nxf4 
Qxh2+ 29. N@g2 B@c4+ 30. P@d3 P@g4 31. P@d7+ Bxd7 32. Bxb7 P@f3+ 33. Bxf3 gxf3+ 
34. Kxf3 B@d4 35. Rh1 P@g4+ 36. Ke2 P@f3+ 37. Kd2 Bxc3+ 38. bxc3 Qg3 39. N@e4 
fxg2 40. Nxg3 N@f3+ 41. Kc1 gxh1=Q+ 42. Nxh1 R@e1+ 43. B@d1 Bxd3 44. Nxd3 P@d2+ 
45. Kb2 N@c4+ 46. Kb3 Rxd1 47. Rxd1 B@a4+ 48. Kxc4 Bdb5+ 49. Kd5 Bxd3 50. Nf2 
N@e3# 
{Eyefor checkmated} 0-1

[Event "fics rated crazyhouse match"]
[Site "fics, Oklahoma City, OK USA"]
[Date "2000.03.06"]
[White "LordPixel"]
[WhiteElo "2461"]
[Black "Eyefor"]
[BlackElo "2382"]
[TimeControl "0+1"]
[Result "1-0"]

1. e4 Nf6 2. Nc3 d5 3. exd5 Nxd5 4. d4 e6 5. Nxd5 exd5 6. Nf3 
Nc6 7. Be2 P@h3 8. N@f4 hxg2 9. Nxg2 P@h3 10. Nf4 N@g2+ 11. Nxg2 hxg2 
12. Rg1 N@h4 13. N@c3 Nxf3+ 14. Bxf3 N@b4 15. N@e3 Nxc2+ 16. Nxc2 P@e4 17. Bxg2 
Bf5 18. Ne3 Be6 19. P@f5 Bc8 20. N@h5 g6 21. P@g7 Rg8 22. gxf8=Q+ Kxf8 
23. fxg6 hxg6 24. P@g7+ Ke8 25. P@h7 Kd7 26. hxg8=Q P@d2+ 27. Bxd2 Qxg8 28. Nf6+ 
Ke6 29. Nxg8 Kd7 30. Nf6+ Ke6 31. Nexd5 Bd7 32. R@e7+ Nxe7 33. Q@e5# 
{Eyefor checkmated} 1-0

[Event "fics rated crazyhouse match"]
[Site "fics, Oklahoma City, OK USA"]
[Date "2000.03.06"]
[White "Eyefor"]
[WhiteElo "2376"]
[Black "LordPixel"]
[BlackElo "2467"]
[TimeControl "0+1"]
[Result "0-1"]

1. e4 Nf6 2. e5 Nd5 3. d4 Nc6 4. Bc4 e6 5. Bxd5 exd5 6. N@g5 
B@a5+ 7. Kf1 Be7 8. Nxf7 Kxf7 9. Qf3+ Kg8 10. P@f7+ Kf8 11. Qxd5 N@b6 
12. Qe4 Kxf7 13. Qf4+ Ke8 14. P@f7+ Kf8 15. Nf3 Nb4 16. Ne1 P@g5 17. Qf5 
d5 18. e6 Qd6 19. Bxg5 Bxe6 20. Bxe7+ Qxe7 21. P@f6 gxf6 22. B@c5 B@c4+ 
23. Kg1 Bxf5 24. Bxe7+ Kxe7 25. Q@c5+ B@d6 26. Qxd6+ cxd6 27. Nd2 Kxf7 28. c3 
Nc6 29. Nxc4 Nxc4 30. B@h5+ P@g6 31. Bf3 P@e4 32. B@b3 Ke8 33. Bxc4 dxc4 
34. N@g7+ Kd8 35. Bxe4 Bxe4 36. Ne6+ Ke8 37. Ng7+ Kf7 38. P@h6 Q@d2 39. b4 
N@h3+ 40. gxh3 Qxe1+ 41. Rxe1 Q@g2# 
{Eyefor checkmated} 0-1

[Event "fics rated crazyhouse match"]
[Site "fics, Oklahoma City, OK USA"]
[Date "2000.03.06"]
[White "LordPixel"]
[WhiteElo "2473"]
[Black "Eyefor"]
[BlackElo "2370"]
[TimeControl "0+1"]
[Result "1-0"]

1. e4 e6 2. d4 Nc6 3. d5 exd5 4. exd5 Qe7+ 5. Qe2 Nb4 6. P@e4 
P@f5 7. a3 Nf6 8. axb4 fxe4 9. Nc3 P@d4 10. N@b5 dxc3 11. Nxc7+ Kd8 
12. Nxa8 Nxd5 13. P@c7+ Nxc7 14. Nxc7 cxb2 15. Bxb2 Qxb4+ 16. c3 N@d3+ 17. Qxd3 
Qxb2 18. N@e6+ fxe6 19. Nxe6+ Ke7 20. P@d6+ Kxe6 21. N@g5+ Kf6 22. Nxe4+ Kf7 
23. R@a2 Qb3 24. Ng5+ Kf6 25. P@c2 Qb6 26. N1f3 Bxd6 27. P@f7 Bf4 28. Ra5 
P@d2+ 29. Nxd2 Bxg5 30. Qf3+ P@f4 31. Ne4+ Kxf7 32. Nxg5+ Ke8 33. P@f7+ Kd8 
34. Qxf4 B@f6 35. B@d4 Bxd4 36. f8=Q+ Rxf8 37. Qxf8+ B@e8 38. P@e7+ Kc7 39. cxd4 
Qb4+ 40. B@d2 Qxd4 41. R@c4+ Qxc4 42. Bxc4 N@d4 43. Bf4+ P@e5 44. Q@c5+ R@c6 
45. Bxe5+ d6 46. Bxd6+ Kd7 47. P@e6+ Nxe6 48. Bxe6# 
{Eyefor checkmated} 1-0

[Event "fics rated crazyhouse match"]
[Site "fics, Oklahoma City, OK USA"]
[Date "2000.03.06"]
[White "Eyefor"]
[WhiteElo "2364"]
[Black "LordPixel"]
[BlackElo "2479"]
[TimeControl "0+1"]
[Result "1-0"]

1. e4 Nf6 2. Nc3 e6 3. e5 Nd5 4. d4 Bb4 5. Bd2 Nxc3 6. bxc3 
N@b2 7. Qb1 Bxc3 8. Bxc3 Na4 9. Ne2 P@e4 10. B@h5 Rf8 11. N@e3 Qh4 
12. Bg4 Nxc3 13. Nxc3 B@d2+ 14. Kxd2 Qxf2+ 15. N@e2 P@f4 16. Ned1 e3+ 17. Kc1 
Qe1 18. Ne4 Nc6 19. B@g5 Nxe5 20. dxe5 P@d2+ 21. Kb2 f6 22. exf6 Rxf6 
23. Bxf6 P@a3+ 24. Kxa3 gxf6 25. Nxf6+ Ke7 26. N@g8+ Kd6 27. Ne8+ Ke5 28. P@d4+ 
Kd5 29. Ne7+ Kc4 30. Qb3# 
{LordPixel checkmated} 1-0

[Event "fics rated crazyhouse match"]
[Site "fics, Oklahoma City, OK USA"]
[Date "2000.03.06"]
[White "LordPixel"]
[WhiteElo "2468"]
[Black "Eyefor"]
[BlackElo "2375"]
[TimeControl "0+1"]
[Result "1-0"]

1. e4 Nf6 2. Nc3 d5 3. exd5 Nxd5 4. d4 e6 5. Nxd5 exd5 6. Nf3 
Nc6 7. Be2 P@h3 8. N@f4 hxg2 9. Nxg2 Bb4+ 10. Bd2 N@e4 11. Bxb4 Nxb4 
12. B@a4+ P@c6 13. P@e5 Bf5 14. P@d3 Nxf2 15. Kxf2 P@g4 16. Nfh4 Nxc2 17. Nxf5 
P@e3+ 18. Kf1 Nxd4 19. Nxg7+ Kf8 20. B@c5+ Kxg7 21. P@f6+ Kh6 22. Bxd4 N@d2+ 
23. Qxd2 exd2 24. N@f5+ Kg5 25. N@g7 P@f3 26. Be3+ B@f4 27. Bxf4+ Kg6 28. Ngh4# 
{Eyefor checkmated} 1-0

[Event "fics rated crazyhouse match"]
[Site "fics, Oklahoma City, OK USA"]
[Date "2000.03.06"]
[White "Eyefor"]
[WhiteElo "2369"]
[Black "LordPixel"]
[BlackElo "2474"]
[TimeControl "0+1"]
[Result "0-1"]

1. d4 e6 2. Nc3 d6 3. e4 Nf6 4. Nf3 Nc6 5. Bb5 Ng4 6. Ng5 
e5 7. Nxf7 Kxf7 8. Bxc6 bxc6 9. N@g5+ Ke7 10. dxe5 dxe5 11. Qxd8+ Kxd8 
12. Nf7+ Ke8 13. Nxh8 P@f7 14. Nxf7 Kxf7 15. Q@c4+ Q@e6 16. P@d5 Qf6 17. R@f3 
N@f4 18. Rxf4 exf4 19. d6+ Be6 20. Qxc6 N@d4 21. Qxc7+ R@d7 22. Nd5 Rxc7 
23. N@h8+ Kg8 24. Nxf6+ Nxf6 25. P@f7+ Kxh8 26. Q@d1 Nxc2+ 27. Kf1 Q@a6+ 28. P@e2 
Qxd6 29. Bxf4 Qxf4 30. Kg1 Nxe4 31. P@f3 P@e3 32. P@d2 exf2+ 33. Kf1 N@e3+ 
34. dxe3 Nxe3# 
{Eyefor checkmated} 0-1

[Event "fics rated crazyhouse match"]
[Site "fics, Oklahoma City, OK USA"]
[Date "2000.03.06"]
[White "LordPixel"]
[WhiteElo "2480"]
[Black "Eyefor"]
[BlackElo "2363"]
[TimeControl "0+1"]
[Result "0-1"]

1. e4 Nf6 2. e5 Nd5 3. d4 Nc6 4. Nf3 e6 5. Bd2 Bb4 6. Bxb4 
Ncxb4 7. a3 Nc6 8. B@g5 B@e7 9. Bxe7 Ncxe7 10. B@h5 B@a5+ 11. Nbd2 Bxd2+ 
12. Qxd2 g6 13. Bg4 h5 14. Bh3 N@f4 15. B@g5 Nxh3 16. Bxe7 Qxe7 17. gxh3 
B@f4 18. Qe2 B@a6 19. Qd1 Bxf1 20. Kxf1 B@c4+ 21. Ke1 Rg8 22. N@c5 d6 
23. exd6 Bxd6 24. P@h7 Rf8 25. N@g7+ Kd8 26. B@h4 P@f6 27. Nd2 Bxc5 
{LordPixel forfeits on time} 0-1

[Event "fics rated crazyhouse match"]
[Site "fics, Oklahoma City, OK USA"]
[Date "2000.03.06"]
[White "LordPixel"]
[WhiteElo "2459"]
[Black "Eyefor"]
[BlackElo "2384"]
[TimeControl "0+1"]
[Result "0-1"]

1. e4 Nf6 2. Nc3 e6 3. e5 Nd5 4. d4 Bb4 5. Bd2 Nxc3 6. bxc3 
N@b2 7. Qb1 Bxc3 8. Bxc3 Na4 9. N@b5 Nxc3 10. Nxc3 Nc6 11. N@b5 P@b4 
12. B@g5 bxc3 13. Bxd8 B@d2+ 14. Ke2 Kxd8 15. Q@h4+ g5 16. Qe4 B@c4+ 17. Kd1 
Bxf1 18. Nxc3 Bxc3 19. P@g7 Re8 20. g8=Q Rxg8 21. Qxh7 P@e2+ 22. Nxe2 N@e3+ 
23. fxe3 N@f2+ 24. Kc1 B@d2# 
{LordPixel checkmated} 0-1

[Event "fics rated crazyhouse match"]
[Site "fics, Oklahoma City, OK USA"]
[Date "2000.03.06"]
[White "Eyefor"]
[WhiteElo "2394"]
[Black "LordPixel"]
[BlackElo "2449"]
[TimeControl "0+1"]
[Result "0-1"]

1. e4 Nf6 2. Nc3 d5 3. exd5 Nxd5 4. Nf3 e6 5. d4 Nxc3 6. bxc3 
N@e4 7. P@b2 Nxf2 8. Kxf2 P@e4 9. Ng5 Qf6+ 10. Ke2 P@f5 11. N@e5 Be7 
12. N@b5 Na6 13. Nexf7 Rf8 14. Ne5 Qxg5 15. Bxg5 Bxg5 16. Q@h5+ N@f7 17. Nxf7 
B@g4+ 18. Qxg4 fxg4 19. N@d6+ Ke7 20. Ke1 Q@e3+ 21. Be2 Rxf7 22. Nxc8+ Rxc8 
23. B@a3+ Ke8 24. P@d7+ Rxd7 25. B@h5+ g6 26. Nxc7+ Nxc7 27. P@f2 P@d2+ 28. Kf1 
Rf7 29. Bf3 Rxf3 30. Bxg6+ hxg6 31. gxf3 B@h3+ 32. P@g2 Bxg2+ 33. Kxg2 gxf3+ 
34. Kg1 N@h3+ 35. Kf1 Qxf2# 
{Eyefor checkmated} 0-1

[Event "fics rated crazyhouse match"]
[Site "fics, Oklahoma City, OK USA"]
[Date "2000.03.06"]
[White "LordPixel"]
[WhiteElo "2456"]
[Black "Eyefor"]
[BlackElo "2387"]
[TimeControl "0+1"]
[Result "1-0"]

1. e4 Nf6 2. Nc3 d5 3. exd5 Nxd5 4. d4 e6 5. Nxd5 exd5 6. Nf3 
Nc6 7. Be2 P@h3 8. N@f4 hxg2 9. Nxg2 Bb4+ 10. P@d2 P@e4 11. Bb5 exf3 
12. Qxf3 N@c4 13. Bxc6+ bxc6 14. N@e5 Nxe5 15. dxe5 N@c4 16. N@h5 N@f5 17. Qxf5 
Bxf5 18. Nxg7+ Kf8 19. Nxf5 Q@e4+ 20. N@e3 Bxd2+ 21. Bxd2 Qxe5 22. P@g7+ Ke8 
23. P@e7 Qdxe7 24. gxh8=Q+ Qxh8 25. P@g7 Qxe3+ 26. Bxe3 N@f3+ 27. Ke2 Nd4+ 28. Bxd4 
P@f3+ 29. Kxf3 B@h5+ 30. Kg3 P@h4+ 31. Nfxh4 Qxg7+ 32. Bxg7 P@f4+ 33. Nxf4 P@g5 
34. N@f6+ Ke7 35. R@d7# 
{Eyefor checkmated} 1-0

[Event "fics rated crazyhouse match"]
[Site "fics, Oklahoma City, OK USA"]
[Date "2000.03.06"]
[White "Eyefor"]
[WhiteElo "2381"]
[Black "LordPixel"]
[BlackElo "2462"]
[TimeControl "0+1"]
[Result "0-1"]

1. e4 Nf6 2. Nc3 d5 3. exd5 Nxd5 4. d4 e6 5. Nxd5 exd5 6. Nf3 
Nc6 7. Be2 P@h3 8. N@f4 hxg2 9. Nxg2 Bb4+ 10. Bd2 N@e4 11. Bxb4 Nxb4 
12. B@a4+ P@c6 13. P@d3 Nxf2 14. Kxf2 P@e4 15. dxe4 dxe4 16. P@e7 Qxe7 17. P@f6 
gxf6 18. N@g7+ Kf8 19. Nfh4 Kxg7 20. Nf4 P@e3+ 21. Kxe3 P@e5 22. dxe5 fxe5 
23. P@f6+ Kxf6 24. Nh5+ Kg5 25. P@f6 Qc5+ 26. Kd2 Rd8+ 27. Bd3 exd3 28. Kc1 
B@e3+ 29. Kb1 dxc2+ 30. Qxc2 Qxc2+ 31. Bxc2 Q@c1+ 32. Rxc1 N@d2# 
{Eyefor checkmated} 0-1

[Event "fics rated crazyhouse match"]
[Site "fics, Oklahoma City, OK USA"]
[Date "2000.03.06"]
[White "LordPixel"]
[WhiteElo "2468"]
[Black "Eyefor"]
[BlackElo "2375"]
[TimeControl "0+1"]
[Result "0-1"]

1. e4 Nf6 2. e5 Nd5 3. d4 Nc6 4. Bc4 e6 5. Bxd5 exd5 6. N@f5 
B@e4 7. Ne3 Bb4+ 8. Bd2 Bxd2+ 9. Qxd2 B@f4 10. B@f3 Bxe3 11. Qxe3 N@f5 
12. Qd2 Ncxd4 13. Bxe4 dxe4 14. B@d5 B@g5 15. Qd1 e3 16. Bxf7+ Kxf7 17. fxe3 
B@b4+ 18. P@c3 Nxe3 19. B@d5+ Kf8 20. Qxd4 Nxc2+ 21. Kd1 Nxd4 22. P@e7+ Qxe7 
23. cxd4 Q@f1+ 24. Kc2 P@d3+ 25. Kb3 Qd1+ 26. Kc4 P@b5+ 27. Kxb5 P@a6+ 28. Kc4 
P@b5# 
{LordPixel checkmated} 0-1

[Event "fics rated crazyhouse match"]
[Site "fics, Oklahoma City, OK USA"]
[Date "2000.03.06"]
[White "Eyefor"]
[WhiteElo "2385"]
[Black "LordPixel"]
[BlackElo "2458"]
[TimeControl "0+1"]
[Result "1-0"]

1. e4 Nf6 2. Nc3 d5 3. exd5 Nxd5 4. d4 e6 5. Nxd5 exd5 6. Nf3 
Nc6 7. Be2 P@h3 8. N@f4 hxg2 9. Nxg2 Bb4+ 10. Bd2 N@e4 11. Bxb4 Nxb4 
12. B@a4+ B@d7 13. Bxd7+ Bxd7 14. P@d3 Nxf2 15. Kxf2 P@e4 16. dxe4 dxe4 17. P@e7 
Qxe7 18. P@f6 Qxf6 19. N@h5 Qh6 20. Ne5 P@h3 21. Nxf7 Kxf7 22. B@d2 N@g4+ 
23. Bxg4 Bxg4 24. N@e5+ Ke8 25. Bxh6 Bxd1 26. Q@d7+ Kf8 27. Qf7# 
{LordPixel checkmated} 1-0

[Event "fics rated crazyhouse match"]
[Site "fics, Oklahoma City, OK USA"]
[Date "2000.03.06"]
[White "LordPixel"]
[WhiteElo "2448"]
[Black "Eyefor"]
[BlackElo "2395"]
[TimeControl "0+1"]
[Result "0-1"]

1. e4 Nf6 2. Nc3 d5 3. exd5 Nxd5 4. d4 e6 5. Nxd5 exd5 6. Nf3 
Nc6 7. Be2 P@h3 8. N@f4 hxg2 9. Nxg2 P@h3 10. Nf4 N@g2+ 11. Nxg2 hxg2 
12. Rg1 N@h4 13. N@g5 Nxf3+ 14. Nxf3 N@h4 15. N@c3 Nxf3+ 16. Bxf3 N@b4 17. N@e3 
Nxd4 18. Qxd4 Qe7 19. P@e5 P@c5 20. Qf4 d4 21. N@d5 dxe3 22. Nxe7 exf2+ 
23. Kxf2 N@h3+ 24. Kxg2 Nxf4+ 25. Bxf4 Q@h3+ 26. Kf2 Bxe7 27. N@d5 Bh4+ 28. P@g3 
Nxd5 29. Nxd5 Qxh2+ 30. Rg2 N@h3+ 31. Kf1 Qh1+ 32. N@g1 N@h2+ 33. Ke2 Nxf4+ 
34. gxf4 B@c4+ 35. P@d3 Bxd5 36. Bxd5 P@f3+ 37. Bxf3 N@d4+ 38. Kd1 Nhxf3 39. B@a4+ 
P@b5 40. N@d5 B@e2+ 41. Kc1 Bd8 42. Rxg7 Nxg1 43. Bxb5+ Nxb5 44. Q@g2 Qxg2 
45. Nxc7+ Bxc7 46. P@d7+ Bxd7 47. Rg8+ Rxg8 48. Kd2 Nf3+ 49. Ke3 Q@d4# 
{LordPixel checkmated} 0-1

[Event "fics rated crazyhouse match"]
[Site "fics, Oklahoma City, OK USA"]
[Date "2000.03.06"]
[White "Eyefor"]
[WhiteElo "2404"]
[Black "LordPixel"]
[BlackElo "2439"]
[TimeControl "0+1"]
[Result "0-1"]

1. e4 e6 2. d4 d6 3. Nf3 Nf6 4. Bd3 Nc6 5. c3 e5 6. d5 
Nb8 7. h3 Nbd7 8. Ng5 Nc5 9. Be3 Nxd3+ 10. Qxd3 h6 11. Nxf7 Kxf7 
12. P@e6+ Kg8 13. N@f7 Qe7 14. Nxd6 Qxd6 15. P@f7+ Kh7 16. Bxh6 N@c5 17. Qe2 
N@d3+ 18. Kf1 gxh6 19. P@f3 Nf4 20. Qe1 Qa6+ 21. Kg1 Ne2+ 22. Kf1 Nxc3+ 
23. Kg1 Nxb1 24. Rxb1 Nd3 25. Qd2 Nxf2 26. Qxf2 N@d3 27. N@h5 Nxh5 28. Qe3 
Bc5 29. N@d4 Bxd4 30. f8=N+ Rxf8 31. Re1 P@f2+ 32. Qxf2 Bxf2+ 33. Kh2 P@g3# 
{Eyefor checkmated} 0-1

[Event "fics rated crazyhouse match"]
[Site "fics, Oklahoma City, OK USA"]
[Date "2000.03.06"]
[White "LordPixel"]
[WhiteElo "2446"]
[Black "Eyefor"]
[BlackElo "2397"]
[TimeControl "0+1"]
[Result "0-1"]

1. e4 e6 2. d4 d5 3. exd5 exd5 4. Bb5+ Bd7 5. Qe2+ Qe7 6. Bxd7+ 
Nxd7 7. Bf4 Qxe2+ 8. Nxe2 Bb4+ 9. Nbc3 Ba5 10. B@h3 Bxc3+ 11. Nxc3 Q@e7+ 
12. P@e6 fxe6 13. Bxc7 N@b4 14. B@d3 Nxd3+ 15. cxd3 P@d2+ 16. Kxd2 B@g5+ 17. P@f4 
P@b4 18. Q@h5+ B@g6 19. Qxg5 bxc3+ 20. bxc3 N@b5 21. Qxe7+ Nxe7 22. N@d6+ Nxd6 
23. Bxd6 Q@b2+ 24. P@c2 N@c4+ 25. dxc4 Qxc2+ 26. Ke1 Qxc3+ 27. B@d2 Qxa1+ 28. Q@d1 
Qxd1+ 29. Kxd1 R@b1+ 30. N@c1 Rxc1+ 31. Bxc1 Q@c2+ 32. Ke1 N@d3+ 33. Kf1 Qxf2# 
{LordPixel checkmated} 0-1

[Event "fics rated crazyhouse match"]
[Site "fics, Oklahoma City, OK USA"]
[Date "2000.03.06"]
[White "Eyefor"]
[WhiteElo "2406"]
[Black "LordPixel"]
[BlackElo "2437"]
[TimeControl "0+1"]
[Result "1-0"]

1. e4 e6 2. d4 d5 3. exd5 exd5 4. Bb5+ c6 5. Qe2+ Be7 6. Bf4 
cxb5 7. Bxb8 Rxb8 8. Qxb5+ B@c6 9. Qe2 B@a5+ 10. P@c3 P@c7 11. N@h5 Kf8 
12. P@e5 g6 13. Nf4 Bf5 14. Nf3 g5 15. Nh5 g4 16. Ng1 Ba4 17. b3 
Bad7 18. Nf4 Be4 19. Qf1 Bxc2 20. Nxd5 Bxb1 21. Rxb1 Bxc3+ 22. Nxc3 N@c2+ 
23. Kd1 Nxd4 24. P@g7+ Kxg7 25. B@e4 P@f6 26. exf6+ Nxf6 27. B@e5 Be6 28. P@d5 
Kf8 29. Bxd4 Bxd5 30. Bxd5 P@e5 31. Bxe5 P@g7 32. Bxf6 Bxf6 33. B@b4+ Ke8 
34. Qe1+ B@e6 35. N@f4 Bxc3 36. Bxc3 N@e7 37. B@a4+ b5 38. Bxg7 Nxd5 39. Nxe6 
Nc3+ 40. Kc2 P@d3+ 41. Kxc3 B@a5+ 42. b4 fxe6 43. Qxe6+ Qe7 44. N@f6+ Kd8 
45. N@c6# 
{LordPixel checkmated} 1-0